 Dungeon Crawl Stone Soup version 0.27-a0-1502-g47ed6a6988 (webtiles) character file.

Game seed: 14193162928960780220

144 senseless the Skirmisher (level 5, -3/44 HPs)
             Began as a Palentonga Fighter on July 8, 2021.
             Was a Believer of Jiyva.
             Slain by Sigmund (5 damage)
             ... on level 3 of the Dungeon.
             The game lasted 00:05:23 (3165 turns).

senseless the Skirmisher (Palentonga Fighter)       Turns: 3165, Time: 00:05:24

Health: -3/44      AC:  6    Str: 21    XL:     5   Next: 5%
Magic:  5/5        EV:  5    Int:  7    God:    Jiyva [**....]
Gold:   42         SH:  0    Dex: 10    Spells: 4/4 levels left

rFire    . . .     SeeInvis +   a - +0 war axe
rCold    . . .     Faith    .   c - +0 kite shield
rNeg     . . .     Spirit   .   b - +0 scale mail
rPois    .         Reflect  .   (no helmet)
rElec    .         Harm     .   (no cloak)
rCorr    .         Rampage  .   (no gloves)
Will     .....                  (no barding)
Stlth    ..........             (no amulet)
HPRegen  0.14/turn              (no ring)
MPRegen  0.09/turn              (no ring)

@: confused
A: large, rugged brown scales 3, see invisible, deformed body, roll 1, armoured
tail
a: Rolling Charge, Renounce Religion, Request Jelly


You were on level 3 of the Dungeon.
You worshipped Jiyva.
Jiyva was pleased with you.
You visited 1 branch of the dungeon, and saw 3 of its levels.

You collected 42 gold pieces.

Inventory:

Hand Weapons
 a - a +0 war axe (weapon)
Armour
 b - a +0 scale mail (worn)
 c - a +0 kite shield (worn)
Wands
 g - a wand of flame (20)
Scrolls
 e - a scroll of identify {unknown}
Potions
 d - a potion of might
 f - a potion of lignification {unknown}


   Skills:
 + Level 3.8 Fighting
 + Level 3.1 Axes
 + Level 3.2 Armour
 + Level 3.1 Shields


You had 4 spell levels left.
You didn't know any spells.
Your spell library contained the following spells:

 Spells                   Type           Power      Damage    Failure   Level
 Blink                    Tloc           N/A        N/A       100%        2
 Agony                    Necr           0%         N/A       100%        5
 Simulacrum               Ice/Necr       0%         N/A       100%        6


Dungeon Overview and Level Annotations

Branches:
Dungeon (3/15)

Altars:
Qazlal
Jiyva

Annotations:
D:3 Sigmund


Innate Abilities, Weirdness & Mutations

You are completely covered in rugged brown scales. (AC +3, +7% HP)
You have supernaturally acute eyesight. (SInv)
Armour fits poorly on your strangely shaped body.
You can roll at nearby foes to attack.
You have a long armoured tail.


Message History

Your +0 war axe melds into your body.
Your +0 kite shield melds into your body.
Your +0 scale mail melds into your body.
You climb upwards.
There is a stone staircase leading down here.
You start resting.
Your transformation is almost over.
You start resting.
Your transformation has ended.
Your +0 war axe unmelds from your body.
Your +0 kite shield unmelds from your body.
Your +0 scale mail unmelds from your body.
You start resting.
Jiyva's power touches on your attributes.
You feel agile.
You feel stupid.
You start resting.
Jiyva gurgles merrily.
HP restored.
You climb downwards.
Level annotation: Sigmund Sigmund points at you and mumbles some strange words.
The puff of flame hits you!
There is a stone staircase leading up here.
You hear a distant slurping noise.
Sigmund hits you with a +3 scythe of protection!
You hit Sigmund but do no damage.
Sigmund hits you with a +3 scythe of protection!
You slash Sigmund! You tail-slap Sigmund.
Sigmund is moderately wounded.
Sigmund hits you with a +3 scythe of protection.
* * * LOW HITPOINT WARNING * * *
You hear a distant slurping noise.
You hear a squelching noise.
Sigmund casts a spell at you.
You are confused.
A hobgoblin comes into view.
Sigmund hits you with a +3 scythe of protection!
* * * LOW HITPOINT WARNING * * *
Sigmund hits you with a +3 scythe of protection.
You die...

#..<# #...# ######## #...#
#......# #...# #......# ######
##...# #......# #....# #....#
#....J.####....###....#
#.........#.<..#......#
##.......#...@....##...#
#............@..####.<.####
##.########.......###......#
.....J.....#.......##......#
........##..........#......#
#.####..###..##.#..........####
##...#.g...###.#..........
#............^..........##
#....J...#................


You could see Sigmund, a hobgoblin and a neutral jelly (wandering) (fellow
slime).

Vanquished Creatures
  Natasha (twice) (D:2)
  Robin (D:3)
  6 adders (D:2)
  3 ball pythons
  3 bats
  An endoplasm (D:1)
  9 goblins
  5 hobgoblins
  3 jackals (D:3)
  A kobold (D:2)
  3 frilled lizards
  3 rats
40 creatures vanquished.

Vanquished Creatures (others)
  A jelly (D:2)
  Natasha (D:2)
  2 endoplasms (D:3)
  A giant cockroach (D:2)
  2 hobgoblins
  2 jackals (D:2)
  2 bats
  A frilled lizard (D:2)
  6 goblins (D:2)
  2 kobolds (D:2)
20 creatures vanquished.

Grand Total: 60 creatures vanquished

Notes
Turn   | Place    | Note
-------+----------+-------------------------------------------
     0 | D:1      | senseless the Palentonga Fighter began the quest for the
                  | Orb.
     0 | D:1      | Reached XP level 1. HP: 19/19 MP: 1/1
    24 | D:1      | Reached XP level 2. HP: 18/25 MP: 2/2
   107 | D:1      | Found a faded altar of an unknown god.
   111 | D:1      | Got the Compendium of Displaced Evil Magic
   116 | D:1      | Became a worshipper of Jiyva Jiediakk the Shapeless
   116 | D:1      | Reached * piety under Jiyva
   773 | D:2      | Reached XP level 3. HP: 14/31 MP: 3/3
   887 | D:2      | Reached ** piety under Jiyva
  1894 | D:3      | Noticed Robin
  2131 | D:3      | Noticed Natasha
  2220 | D:3      | HP: 1/31 [Natasha (2)]
  2222 | D:2      | Killed Natasha
  2223 | D:2      | Reached XP level 4. HP: 2/38 MP: 4/4
  2236 | D:2      | Killed Natasha
  2248 | D:2      | Noticed Natasha
  2249 | D:2      | Killed Natasha
  2640 | D:3      | Killed Robin
  2713 | D:3      | Found a stormy altar of Qazlal.
  2713 | D:3      | Noticed Sigmund
  2751 | D:2      | Reached XP level 5. HP: 39/44 MP: 5/5
  3164 | D:3      | HP: 2/44 [Sigmund (8)]
  3165 | D:3      | Slain by Sigmund

Illustrated notes

Levels and vault maps discovered:
D:1:      mrwooster_arrival_statue, layout_loops_ring,
          hellmonk_ecumenical_altar_lost_god
D:2:      layout_loops_cross
D:3:      minmay_chambers_of_threes, layout_rooms, grunt_qazlal_clouds,
          uniq_natasha, uniq_sigmund, uniq_robin

Skill      XL: |  1  2  3  4 |
---------------+-------------+-----
Armour         | 3 |  3.2
Shields        | 3 |  3.1
Axes           | 3 |  3.1
Fighting       | |  3.8

Action                   |  1- 3 |  4- 6 || total
-------------------------+-------+-------++-------
Melee: War axe           |    88 |    34 ||   122
       Tailslap          |     6 |     4 ||    10
       Unarmed           |       |     1 ||     1
 Abil: Rolling Charge    |    19 |     6 ||    25
Armor: Scale mail        |    61 |    21 ||    82
Dodge: Dodged            |    25 |    17 ||    42
Block: Kite shield       |    53 |    23 ||    76

Table legend: (Time is in decaauts)
 A = Elapsed time spent in this place.
 B = Non-inter-level travel time spent in this place.
 C = Inter-level travel time spent in this place.
 D = Time resting spent in this place.
 E = Time spent auto-exploring this place.
 F = Levels seen in this place.
 G = Mean time per level.
                   A        B        C        D        E       F      G
               +--------+--------+--------+--------+--------+-----+--------+
         Total |   3263 |   3155 |    108 |   1222 |   1574 |   3 | 1087.7 |
       Dungeon |   3263 |   3155 |    108 |   1222 |   1574 |   3 | 1087.7 |
               +--------+--------+--------+--------+--------+-----+--------+

Top non-repeatable levels by time:
     D:2: 2190 daAuts
     D:1: 883 daAuts
     D:3: 189 daAuts
